 Dungeon Crawl Stone Soup version 0.29.0-4-gdea44cf6ec (webtiles) character file.

Game seed: 15926385593912307811

3515 qw the Grappler (level 9, 0/84 HPs)
             Began as a Troll Cinder Acolyte on Sept 2, 2022.
             Was a Believer of Ignis.
             Slain by a bullfrog (5 damage)
             ... on level 1 of the Lair of Beasts.
             The game lasted 00:03:21 (6652 turns).

qw the Grappler (Troll Cinder Acolyte)              Turns: 6652, Time: 00:03:21

Health: 0/84       AC: 11    Str: 26    XL:     9   Next: 81%
Magic:  9/9        EV: 10    Int: 13    God:    Ignis [**....]
Gold:   247        SH:  5    Dex:  8    Spells: 10/10 levels left

rFire   + + .      SeeInvis .     - Unarmed
rCold   + . .      Faith    .   (no shield)
rNeg    + . .      Spirit   .   a - +0 robe
rPois   .          Reflect  +   (helmet restricted)
rElec   .          Harm     .   b - scarf {rC+ rF+}
rCorr   +          Rampage  .   (gloves unavailable)
Will    .....                   (boots unavailable)
Stlth   +.........              p - amulet of reflection
HPRegen 1.04/turn               i - ring of resist corrosion
MPRegen 0.11/turn               k - ring of positive energy

@: lethally poisoned (0 -> -21), about to teleport, fiery-armoured
A: large, unfitting armour, claws 3, regeneration 1, shaggy fur 1, tough skin 1,
agile 1, clever 1, subdued magic 1
a: Renounce Religion, Fiery Armour, Foxfire Swarm, Rising Flame


You were on level 1 of the Lair of Beasts.
You worshipped Ignis.
Ignis was pleased with you.
You visited 2 branches of the dungeon, and saw 9 of its levels.

You collected 465 gold pieces.
You spent 218 gold pieces at shops.


Innate Abilities, Weirdness & Mutations

You are too large for most types of armour.
You have claws for hands.
Your natural rate of healing is unusually fast.
You are covered in fur. (AC +1)
You have tough skin. (AC +1)
You are agile. (Dex +4, Str/Int -1)
Your mind is acute. (Int +4, Str/Dex -1)
Your spells are a little easier to cast, but a little less powerful.


   Skills:
 + Level 4.2 Fighting
 - Level 5.0 Throwing
 - Level 2.6 Dodging
 - Level 12.0 Unarmed Combat
 - Level 1.0 Spellcasting
 - Level 2.1 Fire Magic


You had 10 spell levels left.
You didn't know any spells.
Your spell library contained the following spells:

 Spells                   Type           Power      Damage    Failure   Level
 Scorch                   Fire           8%         2d5       14%         2

Inventory:

Missiles
 d - a silver boomerang (quivered)
Armour
 a - a +0 robe (worn)
 b - a scarf of resistance (worn)
Jewellery
 f - a ring of resist corrosion
 i - a ring of resist corrosion (left claw)
 k - a ring of positive energy (right claw)
 p - an amulet of reflection (around neck)
Wands
 c - a wand of digging (6)
Scrolls
 e - 2 scrolls of identify
 j - 4 scrolls of teleportation
Potions
 g - 4 potions of mutation
 h - a potion of cancellation
 l - 2 potions of curing
 m - 3 potions of might
 o - a potion of heal wounds

Dungeon Overview and Level Annotations

Branches:
Dungeon (8/15)             Temple (0/1) D:7            Lair (1/5) D:8

Altars:
Dithmenos
Gozag
Makhleb
Nemelex Xobeh
Qazlal
Sif Muna
Vehumet
Yredelemnul

Shops:
D:2 (   D:5 !(=?


Message History

The bullfrog hits you but does no damage.
The bullfrog is burned by your cloak of flames.
The bullfrog is moderately wounded.
The yak gores you but does no damage.
The yak is burned by your cloak of flames.
The yak is almost dead.
The yak gores you but does no damage.
The yak is burned by your cloak of flames.
The yak is lightly wounded.
The black mamba bites the plant.
The plant begins to die.
A cane toad comes into view.
6650 ||| Stepping ~*~*~tactically~*~*~ (outnumbered).
The yak attacks as you move away! The yak closely misses you.
Found a long sword.
The cane toad croaks.
You block the bullfrog's attack.
The black mamba bites the plant.
The black mamba bites you!
You are poisoned.
The black mamba poisons you! The bullfrog barely misses you.
The black mamba bites you but does no damage.
The black mamba is burned by your cloak of flames.
The black mamba is lightly wounded.
6651 ||| Stepping ~*~*~tactically~*~*~ (outnumbered).
The yak attacks as you move away! The yak closely misses you.
You feel very sick.
The black mamba bites the plant!
You block the black mamba's attack. The black mamba bites you!
The black mamba is burned by your cloak of flames.
The black mamba is moderately wounded.
6652 ||| READING 5 scrolls of teleportation.
As you read the scroll of teleportation, it crumbles to dust.
You feel strangely unstable.
You feel very sick. The bullfrog closely misses you. The black mamba bites you!
You are lethally poisoned!
The black mamba poisons you!
The black mamba is burned by your cloak of flames.
The black mamba is heavily wounded.
The bullfrog hits you.
You die...

.......... ........7
.......# 7. ......##...
).........
######S........
.########.##P.SF)......
..............YF@......#
...##.........Y.Y.....##
..#.....<...##..#.##..#
............#.}..#.. ...
........%..#.....#..>. .
$....#....#.}.>.}#.....
.....b.P...b.....# ...P
.(. ........#...## ....
.. .##..##.#.#+##


You could see 2 black mambas, 3 yaks, a cane toad and a bullfrog.

Vanquished Creatures
  A two-headed ogre (D:8)
  Pikel (D:8)
  Eustachio (D:4)
  2 water moccasins
  Pargi (D:4)
  2 orc warriors (D:8)
  An ice beast (D:6)
  3 sky beasts
  A centaur (D:5)
  2 lemures (D:8)
  A phantom (D:6)
  3 kobold brigands
  A bullfrog (Lair:1)
  3 scorpions
  3 necrophages
  A howler monkey (D:4)
  A hound (D:5)
  A jelly (D:6)
  6 orc priests
  A gnoll bouda (D:4)
  3 iguanas
  2 orc wizards (D:8)
  A hound skeleton (D:6)
  10 gnolls
  An adder (D:3)
  A shadow imp (D:6)
  A white imp (D:5)
  4 ufetubi
  A dart slug (D:1)
  10 orcs
  5 ball pythons
  8 bats
  9 endoplasms
  5 giant cockroaches
  9 goblins
  8 hobgoblins
  4 jackals (D:1)
  23 kobolds
  A quokka (D:4)
  5 frilled lizards
  8 rats
155 creatures vanquished.

Notes
Turn   | Place    | Note
-------+----------+-------------------------------------------
     0 | D:1      | qw the Troll Cinder Acolyte began the quest for the Orb.
     0 | D:1      | Reached XP level 1. HP: 22/22 MP: 1/1
     0 | D:1      | 0 ||| qw: Version: 0.1-a-97-g2dd2ca4
     0 | D:1      | 0 ||| qw: Game counter: 4978
     0 | D:1      | 0 ||| qw: Always use a shield: true
     0 | D:1      | 0 ||| qw: God list: Okawaru
     0 | D:1      | 0 ||| qw: Allow faded altars: false
     0 | D:1      | 0 ||| qw: Do Orc after D:15 true
     0 | D:1      | 0 ||| qw: Do second Lair branch before Depths: true
     0 | D:1      | 0 ||| qw: Lair rune preference: random
     0 | D:1      | 0 ||| qw: Plans: Normal
     0 | D:1      | 0 ||| PLANNING D:1-11
    57 | D:1      | 57 ||| Stepping ~*~*~tactically~*~*~ (stealth).
    68 | D:1      | 68 ||| INVOKING Fiery Armour.
    71 | D:1      | Reached XP level 2. HP: 12/29 MP: 2/2
   195 | D:1      | 195 ||| Stepping ~*~*~tactically~*~*~ (stealth).
   439 | D:1      | Reached skill level 4 in Unarmed Combat
   637 | D:1      | Found a faded altar of an unknown god.
   649 | D:1      | Reached XP level 3. HP: 36/36 MP: 3/3
   906 | D:1      | 906 ||| UPGRADING to scarf of resistance.
   911 | D:1      | 911 ||| DROPPING ring of flight.
   912 | D:1      | 912 ||| READING scroll labelled RUTHRYV ARIC.
   913 | D:1      | 913 ||| READING scroll labelled YCLUMI YCWU.
   914 | D:1      | 914 ||| READING 4 scrolls labelled HONASU VUBI.
   915 | D:1      | 915 ||| DRINKING 2 green potions.
   915 | D:1      | Gained mutation: You are agile. (Dex +4, Str/Int -1)
                  | [potion of mutation]
   915 | D:1      | Gained mutation: Your spells are a little easier to cast,
                  | but a little less powerful. [potion of mutation]
   915 | D:1      | Gained mutation: Your mind is acute. (Int +4, Str/Dex -1)
                  | [potion of mutation]
   916 | D:1      | 916 ||| READING 3 scrolls of identify.
   916 | D:1      | 916 ||| IDENTIFYING bubbling orange potion
   917 | D:1      | 917 ||| DROPPING potion of brilliance.
   918 | D:1      | 918 ||| Stepping randomly (stuck).
   919 | D:1      | 919 ||| Stepping ~*~*~tactically~*~*~ (cloud).
   987 | D:2      | 987 ||| Stepping ~*~*~tactically~*~*~ (stealth).
   997 | D:2      | 997 ||| Stepping ~*~*~tactically~*~*~ (stealth).
  1052 | D:2      | Found Taalar's Antique Weapon Shoppe.
  1413 | D:2      | 1413 ||| Stepping ~*~*~tactically~*~*~ (stealth).
  1416 | D:2      | 1416 ||| Stepping ~*~*~tactically~*~*~ (stealth).
  1541 | D:2      | 1541 ||| READING scroll labelled QYIZUK POLIE.
  1560 | D:2      | 1560 ||| READING scroll labelled VAPESA KOEPHASCH.
  1561 | D:2      | 1561 ||| READING 4 scrolls labelled GEJUMA ATAIF.
  1566 | D:2      | 1566 ||| READING scroll labelled JUGAAXZANWI.
  1567 | D:2      | 1567 ||| READING 4 scrolls of identify.
  1567 | D:2      | 1567 ||| IDENTIFYING black potion
  1568 | D:2      | 1568 ||| READING 3 scrolls of identify.
  1568 | D:2      | 1568 ||| IDENTIFYING smoky brown potion
  1569 | D:2      | 1569 ||| DROPPING potion of flight.
  1570 | D:2      | 1570 ||| DROPPING potion of berserk rage.
  1598 | D:3      | Found an opulent altar of Gozag.
  1637 | D:3      | 1637 ||| Stepping ~*~*~tactically~*~*~ (stealth).
  1933 | D:3      | Reached XP level 4. HP: 44/44 MP: 4/4
  2096 | D:3      | 2096 ||| Stepping ~*~*~tactically~*~*~ (outnumbered).
  2097 | D:3      | 2097 ||| Stepping ~*~*~tactically~*~*~ (outnumbered).
  2103 | D:3      | Reached skill level 5 in Unarmed Combat
  2308 | D:3      | 2308 ||| READING scroll labelled NAXTEN XAHEN.
  2309 | D:3      | 2309 ||| READING scroll labelled VOLEXTEUMM.
  2310 | D:3      | 2310 ||| READING 2 scrolls labelled MAMUIRCHYKOKH.
  2311 | D:3      | 2311 ||| READING scroll labelled QUIB FUIHE.
  2312 | D:3      | 2312 ||| READING 3 scrolls of identify.
  2312 | D:3      | 2312 ||| IDENTIFYING emerald potion
  2313 | D:3      | 2313 ||| DROPPING scroll of magic mapping.
  2314 | D:3      | 2314 ||| DROPPING potion of ambrosia.
  2483 | D:4      | Noticed a scorpion
  2496 | D:4      | Killed a scorpion
  2497 | D:4      | Reached XP level 5. HP: 48/50 MP: 5/5
  2520 | D:4      | 2520 ||| Stepping ~*~*~tactically~*~*~ (stealth).
  2527 | D:4      | Reached skill level 6 in Unarmed Combat
  2571 | D:4      | Noticed Eustachio
  2581 | D:4      | 2581 ||| INVOKING Fiery Armour.
  2585 | D:4      | 2585 ||| Stepping ~*~*~tactically~*~*~ (outnumbered).
  2586 | D:4      | 2586 ||| Stepping ~*~*~tactically~*~*~ (outnumbered).
  2589 | D:4      | 2589 ||| FLEEEEING.
  2591 | D:4      | Killed Eustachio
  2592 | D:4      | Reached XP level 6. HP: 22/59 MP: 6/6
  2675 | D:4      | 2675 ||| INVOKING Fiery Armour.
  2679 | D:4      | Reached skill level 1 in Throwing
  2859 | D:4      | Noticed Pargi
  2871 | D:4      | 2871 ||| INVOKING Fiery Armour.
  2874 | D:4      | Killed Pargi
  3278 | D:4      | 3278 ||| READING scroll labelled UHASSU KYIBBUR.
  3279 | D:4      | 3279 ||| READING 2 scrolls of identify.
  3279 | D:4      | 3279 ||| IDENTIFYING amethyst potion
  3331 | D:5      | Entered Level 5 of the Dungeon
  3331 | D:5      | Found Zamposh's Antique Weapon Boutique.
  3331 | D:5      | Found a radiant altar of Vehumet.
  3331 | D:5      | Found a basalt altar of Yredelemnul.
  3331 | D:5      | Found a stormy altar of Qazlal.
  3331 | D:5      | Found a shimmering blue altar of Sif Muna.
  3335 | D:5      | 3335 ||| STAIRDANCE
  3358 | D:5      | Reached skill level 7 in Unarmed Combat
  3358 | D:5      | Reached XP level 7. HP: 61/66 MP: 7/7
  3420 | D:5      | 3420 ||| Stepping ~*~*~tactically~*~*~ (stealth).
  3421 | D:5      | 3421 ||| Stepping ~*~*~tactically~*~*~ (stealth).
  3422 | D:5      | 3422 ||| Stepping ~*~*~tactically~*~*~ (stealth).
  3426 | D:5      | 3426 ||| Stepping ~*~*~tactically~*~*~ (outnumbered).
  3427 | D:5      | 3427 ||| Stepping ~*~*~tactically~*~*~ (stealth).
  3430 | D:5      | 3430 ||| Stepping ~*~*~tactically~*~*~ (hiding).
  3490 | D:5      | Found Huicinal's Distillery.
  3498 | D:5      | 3498 ||| BUYING 2 potions of curing (84 gold).
  3498 | D:5      | Bought 2 potions of curing for 84 gold pieces
  3498 | D:5      | 3498 ||| BUYING 2 potions of might (112 gold).
  3498 | D:5      | Bought 2 potions of might for 112 gold pieces
  3498 | D:5      | 3498 ||| SHOPLISTING 3 potions of curing (126 gold, have
                  | 37).
  3498 | D:5      | 3498 ||| SHOPLISTING potion of curing (42 gold, have 37).
  3498 | D:5      | 3498 ||| SHOPLISTING potion of mutation (112 gold, have
                  | 37).
  3498 | D:5      | 3498 ||| SHOPLISTING potion of resistance (140 gold, have
                  | 37).
  3528 | D:5      | 3528 ||| Stepping ~*~*~tactically~*~*~ (stealth).
  3577 | D:5      | Found Fukhuz's Magic Scroll Shoppe.
  3585 | D:5      | Reached skill level 8 in Unarmed Combat
  3607 | D:5      | 3607 ||| SHOPLISTING scroll of enchant armour (82 gold,
                  | have 44).
  3607 | D:5      | 3607 ||| BUYING scroll of identify (22 gold).
  3607 | D:5      | Bought a scroll of identify for 22 gold pieces
  3649 | D:5      | Found a sparkling altar of Nemelex Xobeh.
  3712 | D:5      | Found Plog's Jewellery Shop.
  3722 | D:5      | 3722 ||| SHOPLISTING +4 ring of slaying (780 gold, have
                  | 43).
  3722 | D:5      | 3722 ||| SHOPLISTING +6 ring of strength (360 gold, have
                  | 43).
  3722 | D:5      | 3722 ||| SHOPLISTING amulet of guardian spirit (300 gold,
                  | have 43).
  3722 | D:5      | 3722 ||| SHOPLISTING ring of resist corrosion (200 gold,
                  | have 43).
  3722 | D:5      | 3722 ||| SHOPLISTING ring of willpower (250 gold, have 43).
  3783 | D:5      | 3783 ||| UPGRADING to ring of resist corrosion.
  3784 | D:5      | 3784 ||| UPGRADING to ring of positive energy.
  3785 | D:5      | 3785 ||| READING 2 scrolls of identify.
  3785 | D:5      | 3785 ||| IDENTIFYING fizzy coppery potion
  3786 | D:5      | 3786 ||| DROPPING potion of attraction.
  3814 | D:6      | 3814 ||| Stepping ~*~*~tactically~*~*~ (hiding).
  3816 | D:6      | Reached skill level 3 in Fighting
  3877 | D:6      | Reached XP level 8. HP: 59/75 MP: 8/8
  4347 | D:6      | Reached skill level 9 in Unarmed Combat
  4401 | D:6      | Found a burning altar of Makhleb.
  4521 | D:6      | 4521 ||| DROPPING ring of magical power.
  4522 | D:6      | 4522 ||| READING scroll labelled VEIBREAWUY.
  4523 | D:6      | 4523 ||| READING 2 scrolls of identify.
  4523 | D:6      | 4523 ||| IDENTIFYING pink potion
  4524 | D:6      | 4524 ||| DROPPING potion of degeneration.
  5025 | D:7      | 5025 ||| INVOKING Fiery Armour.
  5028 | D:7      | 5028 ||| Stepping ~*~*~tactically~*~*~ (outnumbered).
  5031 | D:7      | 5031 ||| Stepping ~*~*~tactically~*~*~ (outnumbered).
  5032 | D:7      | 5032 ||| Stepping ~*~*~tactically~*~*~ (outnumbered).
  5035 | D:7      | 5035 ||| Stepping ~*~*~tactically~*~*~ (outnumbered).
  5036 | D:7      | 5036 ||| Stepping ~*~*~tactically~*~*~ (outnumbered).
  5038 | D:7      | 5038 ||| Stepping ~*~*~tactically~*~*~ (hiding).
  5045 | D:7      | Reached skill level 10 in Unarmed Combat
  5281 | D:7      | Found a staircase to the Ecumenical Temple.
  5349 | D:7      | 5349 ||| INVOKING Fiery Armour.
  5723 | D:7      | 5723 ||| DROPPING amulet of magic regeneration.
  5724 | D:7      | 5724 ||| UPGRADING to amulet of reflection.
  5770 | D:8      | 5770 ||| DRINKING 3 potions of curing.
  5770 | D:8      | 5770 ||| (to cure confusion)
  5776 | D:8      | 5776 ||| Stepping ~*~*~tactically~*~*~ (outnumbered).
  5778 | D:8      | 5778 ||| Stepping ~*~*~tactically~*~*~ (outnumbered).
  5779 | D:8      | 5779 ||| Stepping ~*~*~tactically~*~*~ (outnumbered).
  5785 | D:8      | 5785 ||| INVOKING Fiery Armour.
  5789 | D:8      | Reached XP level 9. HP: 31/84 MP: 9/9
  5863 | D:8      | 5863 ||| Stepping ~*~*~tactically~*~*~ (outnumbered).
  5865 | D:8      | 5865 ||| Stepping ~*~*~tactically~*~*~ (outnumbered).
  5866 | D:8      | 5866 ||| Stepping ~*~*~tactically~*~*~ (outnumbered).
  5869 | D:8      | 5869 ||| Stepping ~*~*~tactically~*~*~ (outnumbered).
  5870 | D:8      | 5870 ||| Stepping ~*~*~tactically~*~*~ (outnumbered).
  5871 | D:8      | 5871 ||| Stepping ~*~*~tactically~*~*~ (outnumbered).
  5872 | D:8      | 5872 ||| Stepping ~*~*~tactically~*~*~ (hiding).
  5873 | D:8      | 5873 ||| Stepping ~*~*~tactically~*~*~ (hiding).
  5892 | D:8      | Reached skill level 11 in Unarmed Combat
  5940 | D:8      | 5940 ||| Stepping ~*~*~tactically~*~*~ (stealth).
  5942 | D:8      | 5942 ||| Stepping ~*~*~tactically~*~*~ (stealth).
  5985 | D:8      | Noticed a two-headed ogre
  5990 | D:8      | 5990 ||| INVOKING Fiery Armour.
  5991 | D:8      | HP: 19/84 [two-headed ogre/+0 giant club (17)]
  5992 | D:8      | 5992 ||| READING 6 scrolls of teleportation.
  5994 | D:8      | Killed a two-headed ogre
  5995 | D:8      | 5995 ||| STAIRDANCE
  6062 | D:7      | 6062 ||| READING scroll labelled FUSAECIONGU.
  6063 | D:7      | 6063 ||| READING 3 scrolls of identify.
  6063 | D:7      | 6063 ||| IDENTIFYING silvery potion
  6147 | D:8      | Found a shadowy altar of Dithmenos.
  6152 | D:8      | 6152 ||| Stepping ~*~*~tactically~*~*~ (stealth).
  6159 | D:8      | 6159 ||| Stepping ~*~*~tactically~*~*~ (stealth).
  6160 | D:8      | 6160 ||| FLEEEEING.
  6161 | D:8      | 6161 ||| FLEEEEING.
  6162 | D:8      | 6162 ||| FLEEEEING.
  6163 | D:8      | 6163 ||| FLEEEEING.
  6164 | D:8      | 6164 ||| FLEEEEING.
  6165 | D:8      | 6165 ||| FLEEEEING.
  6166 | D:8      | 6166 ||| FLEEEEING.
  6167 | D:8      | 6167 ||| FLEEEEING.
  6168 | D:8      | 6168 ||| FLEEEEING.
  6169 | D:8      | 6169 ||| FLEEEEING.
  6170 | D:8      | 6170 ||| FLEEEEING.
  6171 | D:8      | 6171 ||| FLEEEEING.
  6172 | D:8      | 6172 ||| FLEEEEING.
  6173 | D:8      | 6173 ||| STAIRDANCE
  6199 | D:8      | 6199 ||| STAIRDANCE
  6207 | D:8      | 6207 ||| STAIRDANCE
  6209 | D:7      | 6209 ||| Stepping ~*~*~tactically~*~*~ (outnumbered).
  6210 | D:7      | 6210 ||| Stepping ~*~*~tactically~*~*~ (outnumbered).
  6211 | D:7      | 6211 ||| Stepping ~*~*~tactically~*~*~ (outnumbered).
  6212 | D:7      | 6212 ||| Stepping ~*~*~tactically~*~*~ (outnumbered).
  6214 | D:7      | 6214 ||| Stepping ~*~*~tactically~*~*~ (outnumbered).
  6215 | D:7      | 6215 ||| Stepping ~*~*~tactically~*~*~ (outnumbered).
  6234 | D:8      | 6234 ||| Stepping ~*~*~tactically~*~*~ (hiding).
  6442 | D:8      | 6442 ||| Stepping ~*~*~tactically~*~*~ (stealth).
  6444 | D:8      | 6444 ||| Stepping ~*~*~tactically~*~*~ (stealth).
  6463 | D:8      | Found a staircase to the Lair.
  6493 | D:8      | Noticed Pikel
  6494 | D:8      | 6494 ||| Stepping ~*~*~tactically~*~*~ (stealth).
  6507 | D:8      | Killed Pikel
  6508 | D:8      | Reached skill level 12 in Unarmed Combat
  6594 | D:8      | 6594 ||| PLANNING LAIR
  6630 | Lair:1   | Entered Level 1 of the Lair of Beasts
  6637 | Lair:1   | Noticed a black mamba
  6642 | Lair:1   | 6642 ||| Stepping ~*~*~tactically~*~*~ (outnumbered).
  6643 | Lair:1   | 6643 ||| Stepping ~*~*~tactically~*~*~ (outnumbered).
  6644 | Lair:1   | 6644 ||| Stepping ~*~*~tactically~*~*~ (outnumbered).
  6645 | Lair:1   | 6645 ||| Stepping ~*~*~tactically~*~*~ (outnumbered).
  6646 | Lair:1   | 6646 ||| Stepping ~*~*~tactically~*~*~ (outnumbered).
  6647 | Lair:1   | 6647 ||| Stepping ~*~*~tactically~*~*~ (outnumbered).
  6648 | Lair:1   | 6648 ||| Stepping ~*~*~tactically~*~*~ (outnumbered).
  6648 | Lair:1   | Noticed a black mamba
  6649 | Lair:1   | 6649 ||| INVOKING Fiery Armour.
  6649 | Lair:1   | Noticed a cane toad
  6650 | Lair:1   | 6650 ||| Stepping ~*~*~tactically~*~*~ (outnumbered).
  6651 | Lair:1   | 6651 ||| Stepping ~*~*~tactically~*~*~ (outnumbered).
  6651 | Lair:1   | HP: 18/84 [black mamba (9)]
  6652 | Lair:1   | 6652 ||| READING 5 scrolls of teleportation.
  6652 | Lair:1   | HP: 5/84 [black mamba (11)]
  6652 | Lair:1   | Slain by a bullfrog

Levels and vault maps discovered:
D:1:      grunt_arrival_lava_bath, layout_basic,
          hellmonk_ecumenical_altar_pennies_from_heaven, minmay_vboxes
D:2:      layout_basic, serial_shops, shop, amethyst_killhole
D:3:      kennysheep_the_goblin_king, layout_loops_ring, grunt_gozag_breadcrumbs
D:4:      layout_basic, uniq_eustachio, uniq_pargi
D:5:      layout_gridville, chequers_temple_overflow_statue_of_worship,
          nemelex_spade_bored_becter, serial_shops, shop, kennysheep_little_box,
          nicolae_diamond_shop, shop
D:6:      layout_loops_cross, makhleb_blood_cavern_becter,
          chequers_serial_rivers_micro_c, nrook_campfire
D:7:      layout_layer_cave, temple_doors_e, david_defended_altar_orc
D:8:      layout_rooms, mainiacjoe_overflow_cross_hatched, lair_entry_dummy,
          minmay_misc_feat_hallway, uniq_pikel
Lair:1:   gammafunk_lair_enchanted_lake, layout_misc_corridors,
          lemuel_fruit_fields, grunt_megastairs_1

Skill      XL: |  1  2  3  4  5  6  7  8  9 |
---------------+----------------------------+-----
Unarmed Combat | 4 5 6 7 8 10 12 | 12.0
Dodging        | 2 |  2.6
Throwing       | 1 2 5 |  5.0
Fighting       | 3 4 |  4.2
Spellcasting   | |  1.0
Fire Magic     | |  2.1

Action                   |  1- 3 |  4- 6 |  7- 9 || total
-------------------------+-------+-------+-------++-------
Melee: Unarmed           |   114 |    81 |   204 ||   399
       Punch             |     3 |       |     9 ||    12
Throw: Boomerang         |    18 |       |     3 ||    21
       Javelin           |       |     8 |    37 ||    45
Invok: Fiery Armour      |     1 |     3 |     5 ||     9
  Use: Scroll            |    10 |     7 |     7 ||    24
       Potion            |     1 |       |     1 ||     2
Armor: Robe              |    37 |    24 |    49 ||   110
Dodge: Dodged            |    42 |    42 |    81 ||   165
Block: Other             |       |       |    20 ||    20
       Reflection        |       |       |     3 ||     3

Table legend:
 A = Non-vault XP
 B = Vault XP
 C = Vault XP percentage of total XP
 D = Non-vault monster count
 E = Vault monster count
 F = Vault count percentage of total count
                 A         B        C        D         E       F
            +---------+---------+-------+---------+---------+-------
      Total |    3796 |    1226 |  24.4 |     134 |      19 |  12.4
            +---------+---------+-------+---------+---------+-------
        D:1 |      43 |       7 |  14.0 |      25 |       4 |  13.8
        D:2 |      27 |       0 |   0.0 |      17 |       0 |   0.0
        D:3 |      22 |      14 |  38.9 |       7 |       7 |  50.0
        D:4 |     282 |     337 |  54.4 |      16 |       2 |  11.1
        D:5 |     395 |       0 |   0.0 |      10 |       0 |   0.0
        D:6 |     589 |     102 |  14.8 |      11 |       2 |  15.4
        D:7 |     634 |     125 |  16.5 |      18 |       3 |  14.3
        D:8 |    1716 |     641 |  27.2 |      29 |       1 |   3.3
     Lair:1 |      88 |       0 |   0.0 |       1 |       0 |   0.0
            +---------+---------+-------+---------+---------+-------
